 Dungeon Crawl Stone Soup version 0.31-a0-810-ga77100ea1a (webtiles) character file.

Game seed: 10700474124423684256

50 Newt the Shooter (level 4, -1/30 HPs)
             Began as a Kobold Hunter on Sept 22, 2023.
             Slain by a worm (9 damage)
             ... on level 2 of the Dungeon.
             The game lasted 00:00:48 (1109 turns).

Newt the Shooter (Kobold Hunter)                    Turns: 1109, Time: 00:00:49

Health: -1/30      AC:  3    Str:  8    XL:     4   Next: 4%
Magic:  13/13      EV: 14    Int: 10    God:
Gold:   95         SH:  0    Dex: 20    Spells: 3/3 levels left

rFire   . . .        a - +0 shortbow
rCold   . . .        (shield currently unavailable)
rNeg    . . .        c - +0 leather armour
rPois   .            (no helmet)
rElec   .            (no cloak)
rCorr   .            (no gloves)
SInv    .            (no boots)
Will    .....        (no amulet)
Stlth   +++          f - ring of magical power
HPRegen 0.25/turn    (no ring)
MPRegen 0.13/turn

%: no passive effects
@: no status effects
A: small, no large weapons, nightstalker 3
a: no special abilities


You were on level 2 of the Dungeon.
You visited 1 branch of the dungeon, and saw 2 of its levels.

You collected 95 gold pieces.

Inventory:

Hand Weapons
 a - a +0 shortbow (weapon)
Armour
 c - a +0 leather armour (worn)
Jewellery
 f - a ring of magical power (left hand)
Scrolls
 b - a scroll of butterflies
 h - a scroll of teleportation {unknown}
Potions
 d - a potion of ambrosia {unknown}
 e - a potion of resistance
 g - a potion of degeneration {unknown}
 i - a potion of invisibility {unknown}
 j - a potion of might {unknown}


   Skills:
 + Level 4.4 Fighting
 - Level 5.3 Ranged Weapons
 - Level 2.4 Dodging
 - Level 1.3 Stealth


You had 3 spell levels left.
You didn't know any spells.
Your spell library was empty.

Dungeon Overview and Level Annotations

Branches:
Dungeon (2/15)

Altars:


Innate Abilities, Weirdness & Mutations

You are small and have problems with some larger weapons.
You are completely attuned to the shadows.


Message History

The arrow closely misses the frilled lizard.
The bat misses you. The bat closely misses you. The frilled lizard bites you.
The bat misses you.
You shoot an arrow. The arrow hits the frilled lizard.
The frilled lizard is heavily wounded.
The bat hits you. The bat hits you but does no damage.
The frilled lizard bites you. The bat barely misses you.
The frilled lizard closely misses you.
You shoot an arrow.
The arrow closely misses the frilled lizard.
The bat misses you. The bat completely misses you.
The frilled lizard closely misses you. The bat misses you. The worm bites you!
You shoot an arrow. The arrow hits the frilled lizard!
You kill the frilled lizard!
The bat closely misses you.
You shoot an arrow.
The arrow hits the worm but does no damage.
The bat barely misses you. The worm closely misses you.
You shoot an arrow. The arrow hits the worm.
The worm is lightly wounded.
The bat hits you. The bat hits you but does no damage. The worm bites you!
* * * LOW HITPOINT WARNING * * *
You are too injured to fight recklessly!
Unknown command.
The bat hits you but does no damage.
Unknown command.
You shoot an arrow. The arrow hits the bat.
You kill the bat!
Unknown command.
Fire: a) +0 shortbow
Press: ? - help, Shift-Dir - straight line, f - worm
Aim: a worm (82% to hit)
You shoot an arrow. The arrow barely misses the worm.
Unknown command.
You shoot an arrow. The arrow hits the worm!
The worm is heavily wounded.
You shoot an arrow. The arrow hits the worm.
The worm is severely wounded.
The worm bites you!
You die...

#.. . ..##
...##... #
...#..# .#
.....###..#
.....w@..#
.....#####
.........###
########...#
###.# ##
#.## .# #..#
.# ##.## .#
#..#


You could see a worm.

Vanquished Creatures
  An adder (D:2)
  2 dart slugs (D:1)
  2 ball pythons
  7 bats
  3 endoplasms (D:1)
  A giant cockroach (D:1)
  4 goblins
  6 hobgoblins
  3 frilled lizards
  2 kobolds (D:1)
  2 rats (D:1)
33 creatures vanquished.

Notes
Turn   | Place    | Note
-------+----------+-------------------------------------------
     0 | D:1      | Newt the Kobold Hunter began the quest for the Orb.
     0 | D:1      | Reached XP level 1. HP: 12/12 MP: 1/1
    94 | D:1      | Reached XP level 2. HP: 18/18 MP: 2/2
   363 | D:1      | Reached XP level 3. HP: 23/23 MP: 3/3
  1096 | D:2      | Reached XP level 4. HP: 28/30 MP: 4/4
  1109 | D:2      | Slain by a worm

Illustrated notes

Levels and vault maps discovered:
D:1:      minmay_arrival_four_houses, layout_rooms, nicolae_the_louvre
D:2:      layout_basic, serial_shops, shop, minmay_tetromino_t4

Skill      XL: |  1  2  3 |
---------------+----------+-----
Fighting       | 3 4 |  4.4
Ranged Weapons | |  5.3
Dodging        | |  2.4
Stealth        | |  1.3

Action                     |  1- 3 |  4- 6 || total
---------------------------+-------+-------++-------
   Fire: Shortbow          |    62 |    12 ||    74
    Use: Scroll            |     2 |       ||     2
 Armour: Leather armour    |    10 |    11 ||    21
  Dodge: Dodged            |     9 |    14 ||    23

Table legend: (Time is in decaauts)
 A = Elapsed time spent in this place.
 B = Non-inter-level travel time spent in this place.
 C = Inter-level travel time spent in this place.
 D = Time resting spent in this place.
 E = Time spent auto-exploring this place.
 F = Levels seen in this place.
 G = Mean time per level.
                   A        B        C        D        E       F      G
               +--------+--------+--------+--------+--------+-----+--------+
         Total |   1121 |   1093 |     28 |      0 |    944 |   2 |  560.5 |
       Dungeon |   1121 |   1093 |     28 |      0 |    944 |   2 |  560.5 |
               +--------+--------+--------+--------+--------+-----+--------+

Top non-repeatable levels by time:
     D:1: 662 daAuts
     D:2: 459 daAuts
